 Dungeon Crawl Stone Soup version 0.19.4-12-gccf7e64 (webtiles) character file.

65 Rrauwl the Chopper (level 3, -11/30 HPs)
             Began as a Minotaur Warper on Feb 26, 2017.
             Mangled by Crazy Yiuf
             ... wielding a +4 quarterstaff of chaos
              (13 damage)
             ... on level 2 of the Dungeon on Feb 27, 2017.
             The game lasted 00:07:43 (1229 turns).

Rrauwl the Chopper (Minotaur Warper)                Turns: 1229, Time: 00:07:44

Health: -11/30     AC:  4    Str: 14 (15) XL:     3   Next: 94%
Magic:  5/5        EV: 11    Int:  8 (10) God:
Gold:   52         SH:  0    Dex:  8 (10) Spells: 1 memorised, 4 levels left

rFire  . . .     SeeInvis .     a - +0 hand axe
rCold  . . .     Gourm    .     b - +1 leather armour
rNeg   . . .     Faith    .     (no shield)
rPois  .         Spirit   .     (helmet restricted)
rElec  .         Reflect  .     (no cloak)
rCorr  .         Harm     .     (no gloves)
MR     .....                    (no boots)
Stlth  +.........               (no amulet)
                                (no ring)
                                (no ring)

@: drained
A: retaliatory headbutt, horns 2
a: no special abilities


You were on level 2 of the Dungeon.
You were not hungry.

You visited 1 branch of the dungeon, and saw 2 of its levels.

You collected 52 gold pieces.

Inventory:

Hand Weapons
 a - a +0 hand axe (weapon)
 o - a +0 mace
Missiles
 e - 5 tomahawks of dispersal (quivered)
Armour
 b - a +1 leather armour (worn)
Scrolls
 d - 2 scrolls of blinking
 k - a scroll of remove curse
 l - 2 scrolls of identify
 n - a scroll of enchant armour
Potions
 j - 2 potions of curing
Books
 c - a book of Spatial Translocations

   Spells                             Type                      Level
   a - Blink                          Translocation                2
   b - Shroud of Golubria             Charms/Translocation         2
   c - Lesser Beckoning               Translocation                3
   d - Portal Projectile              Translocation                3
   e - Teleport Other                 Translocation                3
   f - Passage of Golubria            Translocation                4
Comestibles
 f - a bread ration
 g - 7 chunks of flesh
 i - a fruit


   Skills:
 + Level 2.4(2.1) Fighting
 + Level 3.4(3.1) Axes
 - Level 1.0(0.7) Throwing
 + Level 3.0(2.8) Armour
 + Level 2.1(1.9) Dodging
 - Level 2.0(1.7) Spellcasting
 - Level 2.1(1.9) Translocations


You had 4 spell levels left.
You knew the following spells:

 Your Spells              Type           Power        Failure   Level  Hunger
a - Blink                 Tloc           N/A          34%         2    ###....


Dungeon Overview and Level Annotations

Branches:
Dungeon (2/15)

Altars:

Annotations:
D:2 Crazy Yiuf


Innate Abilities, Weirdness & Mutations

You reflexively headbutt those who attack you in melee.
You have a pair of horns on your head.


Message History

Found a mace.
There is an open door here.
You hit Crazy Yiuf.
Crazy Yiuf is lightly wounded.
Crazy Yiuf hits you with a quarterstaff of chaos.
You feel drained.
You hit Crazy Yiuf. Your headbutt misses Crazy Yiuf.
Crazy Yiuf is lightly wounded.
Crazy Yiuf hits you with a quarterstaff of chaos!
Crazy Yiuf burns you.
You hit Crazy Yiuf but do no damage.
Crazy Yiuf is lightly wounded.
Crazy Yiuf hits you with a quarterstaff of chaos!
* * * LOW HITPOINT WARNING * * *
Crazy Yiuf draws strength from your wounds!
You hit Crazy Yiuf.
You headbutt Crazy Yiuf, but do no damage.
Crazy Yiuf is moderately wounded.
Crazy Yiuf hits you with a quarterstaff of chaos!
You die...

#.# #..#. # #.#
#.# . # #.# ..
#.# # #.# #
##.####### #
#..+...#.### ####
#.......#..##...#
#
#......####.@g..#
# ##.+..##
###..)# # ######
####


You could see Crazy Yiuf.

Vanquished Creatures
  2 adders (D:2)
  An ooze (D:2)
  A dart slug (D:2)
  4 giant cockroaches
  3 goblins
  5 hobgoblins
  3 jackals (D:1)
  5 kobolds
  4 ball pythons
  3 bats
  6 frilled lizards
  4 rats
41 creatures vanquished.

Notes
Turn   | Place    | Note
-------+----------+-------------------------------------------
     0 | D:1      | Rrauwl the Minotaur Warper began the quest for the Orb.
     0 | D:1      | Reached XP level 1. HP: 18/18 MP: 1/1
   251 | D:1      | Reached XP level 2. HP: 21/25 MP: 3/3
   733 | D:2      | Reached XP level 3. HP: 10/30 MP: 4/4
  1111 | D:2      | Learned a level 2 spell: Blink
  1220 | D:2      | Found a runed door.
  1224 | D:2      | Noticed Crazy Yiuf
  1229 | D:2      | Mangled by Crazy Yiuf

Skill      XL: |  1  2  3 |
---------------+----------+-----
Armour         | 2 3 |  3.0
Axes           | 3 |  3.4
Spellcasting   | 2 |  2.0
Fighting       | |  2.4
Throwing       | |  1.0
Dodging        | |  2.1
Translocations | |  2.1

Action                   || total
-------------------------++-------
Melee: Hand axe          ||   114
       Headbutt          ||    17
  Use: Potion            ||     6
       Scroll            ||     3
  Eat: Chunk             ||     1
Armor: Leather armour    ||    22
Dodge: Dodged            ||    80
